 Dungeon Crawl Stone Soup version 0.30-a0-123-g91d0c66ccf (webtiles) character file.

Game seed: 4907176646121448084

200 bande the Chopper (level 5, -7/47 HPs)
             Began as a Hill Orc Fighter on Sept 18, 2022.
             Mangled by Prince Ribbit (11 damage)
             ... on level 4 of the Dungeon.
             The game lasted 00:08:39 (3518 turns).

bande the Chopper (Hill Orc Fighter)                Turns: 3518, Time: 00:08:39

Health: -7/47      AC: 11    Str: 19    XL:     5   Next: 79%
Magic:  5/5        EV:  9    Int:  8    God:
Gold:   118        SH:  5    Dex: 12    Spells: 4/4 levels left

rFire   . . .      SeeInvis .    v - +2 war axe (vorpal)
rCold   . . .      Faith    .    c - +0 buckler
rNeg    + . .      Spirit   .    b - +0 scale mail
rPois   .          Reflect  .    f - +0 helmet
rElec   .          Harm     .    r - +1 cloak
rCorr   .          Rampage  .    m - +0 pair of gloves
Will    .....                    (no boots)
Stlth   ..........               (no amulet)
HPRegen 0.15/turn                h - ring of positive energy
MPRegen 0.09/turn                n - +4 ring of slaying

@: no status effects
A: no striking features
a: no special abilities


You were on level 4 of the Dungeon.
You visited 1 branch of the dungeon, and saw 5 of its levels.

You collected 287 gold pieces.
You spent 169 gold pieces at shops.

Inventory:

Hand Weapons
 a - a +0 war axe
 t - a +4 mace
 v - a +2 vorpal war axe (weapon)
Armour
 b - a +0 scale mail (worn)
 c - a +0 buckler (worn)
 f - a +0 helmet (worn)
 m - a +0 pair of gloves (worn)
 r - a +1 cloak (worn)
Jewellery
 h - a ring of positive energy (left hand)
 n - a +4 ring of slaying (right hand)
 q - a ring of ice
 w - an amulet of magic regeneration
 x - a ring of flight
Wands
 p - a wand of quicksilver (8)
Scrolls
 k - 2 scrolls of butterflies
 l - 2 scrolls of teleportation
Potions
 d - 4 potions of might
 e - a potion of berserk rage
 g - a potion of heal wounds
 i - a potion of brilliance {unknown}
 j - a potion of ambrosia {unknown}
 o - 2 potions of curing
 s - a potion of cancellation {unknown}
 u - a potion of haste {unknown}


   Skills:
 + Level 4.5 Fighting
 + Level 5.4 Axes
 + Level 4.1 Armour
 + Level 4.0 Shields
 * Level 1.1 Evocations


You had 4 spell levels left.
You didn't know any spells.
Your spell library contained the following spells:

 Spells                   Type           Power      Damage    Failure   Level
 Shock                    Conj/Air       0%         1d3       86%         1
 Static Discharge         Conj/Air       0%         2-2/arc   94%         2
 Inner Flame              Hex/Fire       0%         N/A       99%         3
 Swiftness                Air            0%         N/A       99%         3
 Airstrike                Air            0%         2d(0-16)  100%        4
 Cause Fear               Hex            0%         N/A       100%        4
 Dispel Undead            Necr           0%         3d6       100%        4
 Sticky Flame             Conj/Fire      0%         2d3       100%        4
 Discord                  Hex            0%         N/A       100%        8


Dungeon Overview and Level Annotations

Branches:
Dungeon (5/15)
 Temple: D:4-7

Altars:
The Shining One

Shops:
D:1 (   D:2 (   D:3 *

Annotations:
D:4 Prince Ribbit


Message History

You slash the ufetubus!
You kill the ufetubus!
Prince Ribbit lets out a mournful croak.
You block Prince Ribbit's attack.
Prince Ribbit hits you but does no damage.
Unknown command.
Unknown command.
Prince Ribbit hits you!
The shadow imp hits you but does no damage.
You climb upwards.
There is a stone staircase leading down here.
Unknown command.
You closely miss Prince Ribbit.
Prince Ribbit is heavily wounded.
You hit the shadow imp.
Prince Ribbit blinks!
The shadow imp hits you but does no damage.
The shadow imp barely misses you.
Things that are here:
4 poisoned darts; a +0 short sword; a kobold skeleton Prince Ribbit hits you but does no damage.
You slash Prince Ribbit!
Prince Ribbit is severely wounded.
Prince Ribbit hits you! Prince Ribbit hits you.
You closely miss Prince Ribbit.
Prince Ribbit is severely wounded.
Prince Ribbit blinks!
You slash the shadow imp!
You kill the shadow imp!
Prince Ribbit blinks!
Prince Ribbit barely misses you.
Prince Ribbit hits you but does no damage.
You barely miss Prince Ribbit.
Prince Ribbit is severely wounded.
Prince Ribbit blinks!
You barely miss Prince Ribbit.
Prince Ribbit is severely wounded.
Prince Ribbit hits you!
* * * LOW HITPOINT WARNING * * *
Prince Ribbit hits you!
You die...

..##.....####...###.......#.#
..#......##............####.#
....#....+..####............#
....##...##.####............#
....##...##'##..............#
...####'#....#..............#
#.....#.#...........#.......#
#####.#.#.......F...#.#######
......#.#.......@...#...#
...#..#.###+#.......#...#
...#..#.###+##...####...########
...####.#.....##(####..........#
................>...'..........#
.....###.......).####..........#
.....###.........####..........#
...................##..........#
...............#...##..........#


You could see Prince Ribbit.

Vanquished Creatures
  An orc wizard (D:4)
  An iguana (D:4)
  3 gnolls (D:2)
  An adder (D:2)
  A shadow imp (D:4)
  An ufetubus (D:5)
  A worm (D:2)
  2 dart slugs
  5 orcs
  12 ball pythons
  9 endoplasms
  3 giant cockroaches
  8 goblins
  4 hobgoblins
  5 jackals
  5 kobolds
  3 quokkas (D:2)
  7 bats
  5 frilled lizards
  6 rats
83 creatures vanquished.

Notes
Turn   | Place    | Note
-------+----------+-------------------------------------------
     0 | D:1      | bande the Hill Orc Fighter began the quest for the Orb.
     0 | D:1      | Reached XP level 1. HP: 19/19 MP: 1/1
    98 | D:1      | Found a faded altar of an unknown god.
   238 | D:1      | Reached XP level 2. HP: 20/26 MP: 2/2
   360 | D:1      | Found Bisk's Weapon Boutique.
   583 | D:1      | Reached skill level 3 in Axes
  1170 | D:2      | Reached XP level 3. HP: 33/33 MP: 3/3
  1621 | D:2      | Reached XP level 4. HP: 37/40 MP: 4/4
  1632 | D:2      | Reached skill level 4 in Axes
  1639 | D:2      | Found Ilaysu's Antique Weapon Shoppe.
  2282 | D:3      | Identified the +3 ring mail of Kleptomania {Harm +Inv
                  | Regen+}
  2427 | D:3      | Found Kedugor's Assorted Antiques.
  2771 | D:4      | Reached XP level 5. HP: 46/46 MP: 5/5
  2865 | D:4      | Reached skill level 5 in Axes
  2933 | D:2      | Bought a glowing war axe for 169 gold pieces
  3231 | D:4      | Reached skill level 1 in Evocations
  3244 | D:4      | Found a glowing golden altar of the Shining One.
  3499 | D:5      | Entered Level 5 of the Dungeon
  3502 | D:5      | Noticed Prince Ribbit
  3502 | D:5      | Noticed an ice beast
  3518 | D:4      | Mangled by Prince Ribbit

Illustrated notes

Levels and vault maps discovered:
D:1:      amcnicky_arrival_wind_blow, layout_loops_ring, serial_shops, shop,
          shapermc_ecumenical_altar_venn, amcnicky_mini_pool_small
D:2:      layout_loops_ring, serial_shops, nicolae_shop_stone,
          roderic_roman_lattice
D:3:      layout_basic, serial_shops, nicolae_shop_overgrown_old_shop
D:4:      layout_basic, mainiacjoe_overflow_six_doors_small,
          lightli_corner_chamber
D:5:      layout_basic, chequers_temple_overflow_statue_of_worship,
          minmay_temple_entry_gardened_gates, serial_demonic, serial_demonic_g,
          serial_demonic_f, serial_demonic_b, serial_demonic_g,
          interstate_on_off, uniq_ijyb, uniq_edmund, uniq_prince_ribbit1

Skill      XL: |  1  2  3  4  5 |
---------------+----------------+-----
Axes           | 3 4 5 |  5.4
Fighting       | 4 |  4.5
Shields        | 4 |  4.0
Armour         | 4 |  4.1
Evocations     | 1 |  1.1

Action                   |  1- 3 |  4- 6 || total
-------------------------+-------+-------++-------
Melee: War axe           |   105 |   119 ||   224
  Use: Scroll            |     3 |     8 ||    11
Armor: Scale mail        |    49 |    65 ||   114
Dodge: Dodged            |    44 |    64 ||   108
Block: Buckler           |    25 |    30 ||    55

Table legend: (Time is in decaauts)
 A = Elapsed time spent in this place.
 B = Non-inter-level travel time spent in this place.
 C = Inter-level travel time spent in this place.
 D = Time resting spent in this place.
 E = Time spent auto-exploring this place.
 F = Levels seen in this place.
 G = Mean time per level.
                   A        B        C        D        E       F      G
               +--------+--------+--------+--------+--------+-----+--------+
         Total |   3594 |   3460 |    134 |    169 |   2457 |   5 |  718.8 |
       Dungeon |   3594 |   3460 |    134 |    169 |   2457 |   5 |  718.8 |
               +--------+--------+--------+--------+--------+-----+--------+

Top non-repeatable levels by time:
     D:1: 1146 daAuts
     D:2: 1100 daAuts
     D:3: 695 daAuts
     D:4: 644 daAuts
     D:5: 8 daAuts
